Map: Ruins of Seras

Players

MelloW (Nina) - Winner!

  • Race: Protoss Protoss
  • League: Grandmaster

PtitDrogo

  • Race: Protoss Protoss
  • League: Master

Event: DreamHack ROCCAT LotV Championship

VOD

Have the link to the VOD?

Description

Time

  • Played on: Nov. 26, 2015, 11:36 a.m.
  • Length: 19:04

All games in this series

Show
View Real Time Build Order
Export as new Build Order

MelloW Protoss - Winner!

Build Orders: Nexus First 

Get SALT Encoding   

  12  0:01  Probe (Chrono Boost)  
  13  0:12  Probe (Chrono Boost)  
  14  0:19  Pylon  
  14  0:22  Probe (Chrono Boost)  
  15  0:37  Probe (Chrono Boost)  
  16  0:47  Probe (Chrono Boost)  
  17  0:58  Probe (Chrono Boost)  
  17  1:02  Nexus  
  18  1:08  Probe (Chrono Boost)  
  19  1:15  Gateway  
  19  1:19  Probe (Chrono Boost)  
  19  1:24  Assimilator  
  20  1:29  Probe (Chrono Boost)  
  20  1:32  Assimilator  
  21  1:39  Pylon  
  21  1:41  Probe (Chrono Boost)  
  22  1:52  Gateway  
  22  1:54  Probe (Chrono Boost)  
  23  2:04  Cybernetics Core  
  23  2:08  Probe (Chrono Boost)  
  24  2:14  Probe (Chrono Boost)  
  25  2:19  Probe (Chrono Boost)  
  26  2:25  Probe (Chrono Boost)  
  28  2:30  Probe (Chrono Boost)  
  28  2:35  Probe (Chrono Boost)  
  29  2:40  Probe (Chrono Boost)  
  29  2:41  Adept x2 (Chrono Boost)  
  29  2:43  Warp Gate  
  34  2:46  Probe  
  35  2:52  Mothership Core (Chrono Boost)  
  35  2:55  Pylon  
  37  2:58  Probe (Chrono Boost)  
  38  3:08  Stalker  
  38  3:10  Probe (Chrono Boost)  
  38  3:11  Stalker  
  43  3:13  Probe (Chrono Boost)  
  44  3:20  Probe (Chrono Boost)  
  44  3:24  Probe (Chrono Boost)  
  46  3:27  Robotics Facility  
  46  3:31  Probe (Chrono Boost)  
  47  3:34  Probe (Chrono Boost)  
  47  3:39  Twilight Council  
  48  3:41  Probe (Chrono Boost)  
  48  3:45  Probe (Chrono Boost)  
  48  3:46  Pylon  
  50  3:52  Probe (Chrono Boost), Assimilator  
  52  3:55  Probe (Chrono Boost)  
  52  4:00  Pylon  
  53  4:02  Probe (Chrono Boost)  
  53  4:05  Assimilator  
  53  4:06  Probe (Chrono Boost)  
  54  4:12  Gateway, Probe (Chrono Boost)  
  54  4:14  Observer (Chrono Boost)  
  54  4:15  Gateway  
  54  4:16  Probe  
  57  4:21  Blink (Chrono Boost)  
  57  4:26  Probe  
  57  4:29  Probe  
  57  4:50  Pylon  
  56  4:54  Stalker x2  
  56  4:56  Probe  
  59  5:02  Probe  
  60  5:07  Nexus  
  60  5:08  Probe  
  60  5:10  Stalker x2  
  60  5:14  Probe  
  65  5:21  Probe  
  65  5:24  Pylon  
  65  5:28  Probe  
  67  5:36  Forge  
  67  5:39  Stalker  
  67  5:41  Probe, Pylon  
  70  5:45  Pylon  
  70  5:46  Probe  
  70  5:47  Stalker x2  
  73  5:53  Probe, Observer  
  73  5:56  Pylon  
  73  5:58  Probe  
  73  6:02  Robotics Bay  
  74  6:05  Probe  
  74  6:09  Stalker  
  74  6:10  Probe  
  78  6:16  Protoss Ground Weapons Level 1 (Chrono Boost)  
  78  6:17  Probe  
  79  6:22  Probe  
  79  6:23  Probe  
  81  6:28  Stalker x2  
  81  6:30  Probe  
  86  6:33  Probe  
  86  6:34  Probe  
  86  6:35  Pylon  
  88  6:42  Probe  
  88  6:44  Probe  
  88  6:46  Stalker x2, Probe  
  95  6:50  Gateway  
  95  6:51  Disruptor (Chrono Boost)  
  95  6:54  Probe, Gateway  
  99  7:03  Photon Cannon  
  99  7:05  Stalker x2  
  100  7:09  Pylon  
  100  7:13  Probe  
  100  7:14  Probe x2  
  98  7:17  Stalker x2  
  102  7:24  Probe, Assimilator  
  102  7:25  Probe, Disruptor (Chrono Boost)  
  102  7:26  Assimilator  
  107  7:35  Stalker x2  
  101  7:44  Stalker x2  
  95  7:56  Disruptor (Chrono Boost)  
  96  8:02  Stalker  
  96  8:03  Stalker  
  95  8:08  Stalker x4  
  95  8:09  Probe, Pylon  
  104  8:14  Probe  
  104  8:18  Probe  
  105  8:20  Pylon  
  105  8:22  Probe  
  105  8:23  Protoss Ground Weapons Level 2  
  105  8:26  Probe  
  108  8:27  Disruptor (Chrono Boost)  
  108  8:29  Probe  
  108  8:30  Stalker x2  
  116  8:40  Stalker  
  116  8:41  Stalker  
  112  8:42  Stalker  
  110  8:49  Pylon  
  110  8:52  Pylon  
  110  8:54  Stalker  
  112  8:58  Disruptor (Chrono Boost)  
  115  9:04  Stalker x2  
  115  9:07  Stalker  
  121  9:10  Pylon  
  121  9:11  Stalker  
  121  9:15  Pylon  
  123  9:17  Pylon  
  123  9:24  Pylon  
  123  9:25  Robotics Facility  
  123  9:36  Probe x2  
  123  9:37  Pylon  
  125  9:41  Nexus  
  125  9:43  Photon Cannon  
  125  9:46  Photon Cannon  
  125  9:48  Disruptor (Chrono Boost)  
  125  9:52  Stalker  
  130  10:09  Pylon  
  130  10:11  Stalker x3  
  136  10:19  Disruptor (Chrono Boost)  
  136  10:21  Stalker  
  140  10:22  Probe  
  140  10:24  Probe x2  
  141  10:30  Photon Cannon  
  141  10:32  Stalker x2  
  142  10:39  Probe  
  142  10:40  Stargate  
  143  10:44  Pylon  
  143  10:45  Pylon  
  143  10:49  Photon Cannon  
  142  10:51  Stalker x2  
  142  10:52  Protoss Ground Weapons Level 3 (Chrono Boost)  
  145  11:00  Probe  
  145  11:03  Observer  
  147  11:05  Probe  
  147  11:06  Probe  
  147  11:07  Probe  
  147  11:10  Assimilator  
  150  11:12  Probe  
  150  11:14  Assimilator  
  150  11:16  Disruptor  
  154  11:19  Stalker  
  153  11:36  Disruptor  
  121  11:41  Stalker x4  
  118  11:51  Stalker, Disruptor  
  118  11:52  Stalker  
  116  11:55  Probe  
  111  12:05  Stalker  
  111  12:06  Stalker  
  113  12:11  Probe  
  113  12:12  Disruptor  
  113  12:14  Probe  
  116  12:19  Stalker x2  
  118  12:25  Zealot  
  118  12:27  Disruptor (Chrono Boost)  
  123  12:31  Stalker x2  
  123  12:34  Stalker  
  129  12:46  Stalker  
  129  12:47  Stalker x2  
  129  12:49  Oracle  
  141  12:53  Disruptor (Chrono Boost)  
  139  13:04  Disruptor (Chrono Boost)  
  139  13:12  Stalker  
  139  13:13  Stalker x2  
  134  13:29  Stalker x3  
  134  13:33  Oracle  
  141  13:34  Nexus  
  141  13:41  Pylon  
  141  13:42  Dark Shrine, Pylon  
  133  14:04  Disruptor (Chrono Boost)  
  129  14:13  Photon Cannon  
  129  14:16  Photon Cannon  
  129  14:17  Oracle, Photon Cannon  
  129  14:19  Photon Cannon  
  132  14:51  Stalker x4  
  132  14:52  Stalker x2  
  144  14:54  Oracle  
  144  14:59  Observer (Chrono Boost)  
  148  15:04  Gateway  
  148  15:06  Gateway  
  133  15:29  Protoss Shields Level 1  
  115  15:39  Stalker x5  
  115  15:40  Stalker  
  127  15:48  Gateway  
  127  15:57  Templar Archives  
  127  15:59  Nexus  
  127  16:00  Pylon  
  127  16:04  Stalker x3  
  127  16:05  Stalker  
  135  16:13  Stalker x2  
  139  16:25  Dark Templar x2  
  143  16:28  Dark Templar  
  143  16:29  Dark Templar  
  147  16:46  Photon Cannon  
  147  16:49  Photon Cannon  
  147  16:53  Pylon  
  147  16:54  Pylon  
  122  17:30  Stalker x4  
  122  17:31  Stalker x3  
  122  17:32  Stalker  
  140  17:44  Assimilator  
  140  17:46  Observer (Chrono Boost)  
  140  17:47  Disruptor (Chrono Boost)  
  140  17:49  Assimilator  
  140  17:51  Photon Cannon  
  138  17:53  Photon Cannon  
  138  17:54  Photon Cannon  
  138  17:55  High Templar x3  
  138  17:56  High Templar x4  
  150  17:59  Archon x2  
  150  18:00  Archon  
  150  18:01  High Templar  
  150  18:05  Oracle  
  152  18:08  Archon  
  155  18:17  Disruptor (Chrono Boost)  
  158  18:28  Dark Templar  
  158  18:29  Dark Templar  
  158  18:32  Stalker x2  
Show
View Real Time Build Order
Export as new Build Order

PtitDrogo Protoss 

Build Orders: Nexus First, Oracle Opening 

Get SALT Encoding   

  12  0:01  Probe (Chrono Boost)  
  13  0:11  Probe (Chrono Boost)  
  14  0:18  Pylon  
  14  0:22  Probe (Chrono Boost)  
  15  0:36  Probe (Chrono Boost)  
  16  0:47  Probe (Chrono Boost)  
  17  0:58  Nexus  
  17  1:01  Probe (Chrono Boost)  
  18  1:11  Gateway  
  18  1:15  Probe (Chrono Boost)  
  19  1:21  Assimilator  
  20  1:25  Probe (Chrono Boost)  
  20  1:28  Assimilator  
  20  1:36  Probe (Chrono Boost)  
  21  1:41  Gateway  
  21  1:46  Probe (Chrono Boost)  
  22  1:57  Probe (Chrono Boost)  
  22  2:00  Cybernetics Core  
  23  2:10  Probe (Chrono Boost)  
  23  2:11  Probe (Chrono Boost)  
  25  2:20  Probe (Chrono Boost)  
  25  2:21  Probe (Chrono Boost)  
  27  2:31  Probe (Chrono Boost)  
  27  2:32  Probe (Chrono Boost)  
  27  2:37  Adept x2 (Chrono Boost)  
  31  2:39  Warp Gate  
  31  2:42  Probe  
  31  2:43  Probe  
  35  2:49  Stargate  
  35  2:54  Pylon  
  35  2:56  Probe (Chrono Boost)  
  36  2:58  Probe (Chrono Boost)  
  37  3:08  Probe (Chrono Boost)  
  37  3:12  Probe (Chrono Boost), Adept  
  41  3:15  Pylon  
  41  3:18  Probe (Chrono Boost)  
  42  3:23  Probe (Chrono Boost)  
  43  3:29  Probe (Chrono Boost)  
  43  3:32  Probe (Chrono Boost)  
  43  3:33  Oracle (Chrono Boost)  
  48  3:39  Assimilator x2  
  49  3:42  Mothership Core, Probe  
  51  3:49  Robotics Facility  
  51  3:54  Probe  
  52  4:03  Probe  
  52  4:04  Probe, Pylon  
  52  4:08  Pylon  
  54  4:10  Gateway  
  54  4:14  Twilight Council  
  54  4:21  Probe  
  54  4:23  Probe  
  56  4:32  Probe  
  56  4:34  Nexus  
  56  4:35  Pylon  
  56  4:37  Observer (Chrono Boost)  
  58  4:48  Probe  
  58  4:49  Probe  
  60  4:53  Stalker x2  
  60  4:59  Probe  
  64  5:00  Immortal (Chrono Boost)  
  64  5:01  Probe  
  64  5:05  Blink (Chrono Boost)  
  68  5:11  Probe  
  68  5:13  Probe  
  70  5:24  Probe  
  70  5:25  Probe  
  70  5:27  Stalker x2  
  76  5:34  Stalker  
  78  5:44  Pylon  
  78  5:45  Probe x2  
  78  5:48  Probe  
  78  5:49  Warp Prism  
  83  5:57  Probe x2  
  83  5:59  Gateway x2, Probe  
  83  6:00  Gateway  
  86  6:04  Stalker x2  
  86  6:06  Stalker  
  86  6:07  Pylon  
  86  6:09  Probe  
  93  6:14  Robotics Bay  
  93  6:15  Probe x2  
  95  6:21  Pylon  
  95  6:30  Stalker x3  
  101  6:33  Probe  
  102  6:52  Assimilator  
  102  6:53  Stalker x3, Assimilator  
  102  6:54  Stalker x3  
  114  7:14  Probe  
  112  7:17  Stalker x2  
  112  7:21  Pylon x2  
  116  7:24  Robotics Facility  
  116  7:33  Stalker  
  114  7:37  Stalker x2  
  114  7:44  Stalker x2  
  102  7:49  Stalker  
  102  7:50  Disruptor  
  97  7:55  Probe  
  95  8:02  Stalker  
  95  8:03  Stalker x2  
  97  8:10  Gateway  
  97  8:11  Gateway  
  97  8:12  Stalker  
  97  8:13  Stalker x2, Forge  
  97  8:16  Nexus  
  97  8:17  Pylon  
  103  8:22  Disruptor (Chrono Boost)  
  103  8:26  Stalker x3  
  112  8:30  Disruptor (Chrono Boost)  
  111  8:48  Stalker x3  
  113  8:49  Stalker x3  
  113  8:54  Photon Cannon x2  
  121  8:56  Photon Cannon  
  121  8:57  Disruptor (Chrono Boost)  
  121  8:58  Protoss Ground Weapons Level 1 (Chrono Boost)  
  127  9:12  Observer  
  127  9:16  Stalker x3  
  127  9:17  Stalker x3  
  133  9:23  Adept x2  
  141  9:30  Disruptor  
  141  9:35  Disruptor  
  147  9:39  Adept  
  147  9:40  Adept  
  151  9:45  Pylon  
  148  10:01  Stalker x4  
  151  10:22  Stalker x2, Disruptor  
  151  10:23  Stalker x2  
  151  10:27  Disruptor  
  163  10:32  Stalker  
  161  10:38  Robotics Facility  
  161  10:52  Stalker  
  163  10:57  Pylon  
  163  10:58  Pylon  
  163  11:03  Assimilator  
  161  11:08  Assimilator  
  161  11:10  Immortal  
  161  11:15  Immortal  
  169  11:20  Stalker x5  
  167  11:44  Disruptor  
  167  11:48  Stalker  
  167  11:49  Stalker  
  167  11:50  Immortal  
  176  11:54  Immortal  
  180  12:07  Stalker x2  
  180  12:11  Pylon  
  180  12:13  Pylon  
  180  12:24  Immortal  
  180  12:27  Protoss Ground Weapons Level 2 (Chrono Boost)  
  180  12:28  Nexus  
  180  12:29  Immortal, Photon Cannon  
  188  12:30  Pylon  
  188  12:39  Stalker x4  
  187  13:28  Stalker x4  
  187  13:29  Stalker x2  
  179  13:36  Pylon  
  179  13:37  Immortal  
  179  13:41  Immortal  
  179  13:42  Immortal  
  179  13:43  Assimilator  
  179  13:45  Stalker x2  
  179  13:47  Assimilator  
  158  14:01  Stalker x4  
  158  14:02  Stalker x2  
  164  14:11  Immortal  
  164  14:13  Stalker x2  
  172  14:21  Immortal x2  
  180  14:25  Protoss Ground Weapons Level 3 (Chrono Boost)  
  180  14:27  Stalker x3  
  186  14:45  Disruptor  
  180  14:50  Stalker x4  
  191  14:54  Dark Shrine  
  191  14:57  Templar Archives  
  191  14:59  Disruptor  
  191  15:00  Mothership Core, Disruptor  
  112  15:36  Disruptor  
  112  15:41  Disruptor x2  
  117  15:43  Oracle (Chrono Boost)  
  120  15:53  High Templar x4  
  120  15:54  Stalker x2  
  120  15:55  Stalker x2  
  136  15:58  Photon Cannon  
  136  15:59  Photon Cannon  
  136  16:07  Archon x2  
  136  16:19  Dark Templar x4  
  136  16:29  Stalker x4  
  144  16:39  Disruptor x2  
  142  16:52  Stalker x4  
  112  17:03  Zealot x2  
  103  17:10  Zealot x2  
  80  17:16  Disruptor (Chrono Boost)  
  80  17:17  Disruptor (Chrono Boost)  
  67  17:32  Stalker  
  67  17:33  Stalker x3  
  75  17:51  Disruptor (Chrono Boost)  
  81  18:03  Disruptor (Chrono Boost)  
  81  18:05  Photon Cannon  
  81  18:07  Probe, Photon Cannon  
  81  18:08  Probe  
  81  18:09  Probe x3  
  86  18:22  Disruptor (Chrono Boost)  
  89  18:28  Probe  
  89  18:30  Probe x2  
  95  18:40  Stalker  

Tags
 
Add a new tag
Caveats
  • Supply blocks, unpowered buildings, or Contaminate may cause inaccurate times.
  • Supply counts are checked every 10 seconds.